 Dungeon Crawl Stone Soup version 0.31-a0-152-g6aa68a64a1 (webtiles) character file.

Game seed: 13382031167759038809

256 qw the Chopper (level 6, -4/38 HPs)
             Began as a Gargoyle Fighter on June 11, 2023.
             Was an Initiate of Okawaru.
             Slain by a gnoll
             ... wielding a +0 flail
             ... led by a gnoll bouda
              (8 damage)
             ... on level 3 of the Dungeon.
             The game lasted 00:01:14 (2750 turns).

qw the Chopper (Gargoyle Fighter)                   Turns: 2750, Time: 00:01:15

Health: -4/38      AC: 14    Str: 22    XL:     6   Next: 15%
Magic:  6/6        EV:  9    Int:  8    God:    Okawaru [......]
Gold:   56         SH:  4    Dex:  9    Spells: 5/5 levels left

rFire   . . .        Y - +1 war axe
rCold   . . .        c - +0 buckler
rNeg    + . .        b - +0 scale mail
rPois   inf          (no helmet)
rElec   +            (no cloak)
rCorr   +            (no gloves)
SInv    .            e - +2 pair of boots
Will    .....        j - amulet of faith Stlth
                     g - ring of resist corrosion
HPRegen 0.26/turn    (no ring)
MPRegen 0.10/turn

%: faith
@: no status effects
A: sickness immunity, AC +4, negative energy resistance 1, electricity
resistance, torment resistance 1, petrification resistance
a: Renounce Religion


You were on level 3 of the Dungeon.
You worshipped Okawaru.
Okawaru was noncommittal.
You visited 1 branch of the dungeon, and saw 4 of its levels.

You collected 131 gold pieces.
You spent 75 gold pieces at shops.


Innate Abilities, Weirdness & Mutations

You are immune to sickness and miasma.
Your stone body is resilient. (AC +4)
You are immune to poison.
You resist negative energy. (rN+)
You are resistant to electric shocks. (rElec)
You are resistant to unholy torment.
You are immune to petrification.


   Skills:
 - Level 4.0 Fighting
 + Level 5.1 Axes
 - Level 3.2 Armour
 - Level 1.2 Dodging
 - Level 3.2 Shields


You had 5 spell levels left.
You didn't know any spells.
Your spell library was empty.

Inventory:

Hand Weapons
 m - a +0 flail
 Y - a +1 war axe (weapon)
Missiles
 a - 3 boomerangs
Armour
 b - a +0 scale mail (worn)
 c - a +0 buckler (worn)
 e - a +2 pair of boots (worn)
Jewellery
 g - a ring of resist corrosion (left hand)
 j - an amulet of faith (around neck)
Scrolls
 i - a scroll of identify
Potions
 d - 2 potions of might
 h - a potion of curing {unknown}

Dungeon Overview and Level Annotations

Branches:
Dungeon (4/15)
 Temple: D:4-7

Altars:
Okawaru
Sif Muna

Shops:
D:3 ?


Message History

HP restored.
Done exploring.
(D) Dungeon
Where to? (* - list waypoints, Enter - D:4, ? - help)
What level of the Dungeon? (default 1, ? - help)
You climb downwards.
The adder barely misses you. The gnoll closely misses you.
The adder bites you but does no damage.
There is a stone staircase leading up here.
You slash the adder!
You kill the adder!
Okawaru accepts your kill.
You closely miss the gnoll. The gnoll closely misses you.
You block the gnoll's attack. x2
You hit the gnoll.
The gnoll is lightly wounded.
You hit the gnoll.
The gnoll hits you with a +0 flail of protection.
The gnoll hits you with a +0 flail. The gnoll hits you but does no damage.
2746 ||| STAIRDANCE The gnoll hits you from afar with a +0 spear!
You block the gnoll's attack. x2
The gnoll hits you from afar with a +0 spear.
You climb upwards.
There is a stone staircase leading down here.
You barely miss the gnoll.
The gnoll is lightly wounded.
You barely miss the gnoll. The gnoll hits you but does no damage.
You block the gnoll's attack.
You slash the gnoll!
The gnoll is severely wounded.
You barely miss the gnoll. The gnoll closely misses you.
You block the gnoll's attack.
You closely miss the gnoll.
The gnoll is severely wounded.
You hit the gnoll.
The gnoll hits you with a +0 flail of protection.
The gnoll hits you with a +0 flail!
The gnoll hits you with a +0 flail of protection.
The gnoll hits you with a +0 flail!
You die...

##.......'...#......##....
#.......##...<.##...#..:#
#.......##.....#....'...#
######+###.....#...##...#
#...........#...##....
#........####....#8...
#.......###......#####
####g.##...........#
#g@[..##.....)..#
#########.......#
#.....#.....###
#.._..#....[#
#.....'.##### #########
#::: ####


You could see 2 gnolls.

Vanquished Creatures
  A sleepcap (D:2)
  A gnoll bouda (D:3)
  Natasha (twice) (D:3)
  2 orc wizards (D:3)
  5 adders
  7 orcs (D:3)
  5 bats
  4 endoplasms
  4 giant cockroaches
  3 goblins
  4 hobgoblins
  A quokka (D:3)
  3 ball pythons
  6 frilled lizards
  4 kobolds
  5 rats
57 creatures vanquished.

Notes
Turn   | Place    | Note
-------+----------+-------------------------------------------
     0 | D:1      | qw the Gargoyle Fighter began the quest for the Orb.
     0 | D:1      | Reached XP level 1. HP: 14/14 MP: 1/1
     0 | D:1      | 0 ||| qw: Version: 0.2-a-29-gd901d54
     0 | D:1      | 0 ||| qw: Game counter: 4021
     0 | D:1      | 0 ||| qw: Always use a shield: true
     0 | D:1      | 0 ||| qw: God list: Okawaru
     0 | D:1      | 0 ||| qw: Allow faded altars: false
     0 | D:1      | 0 ||| qw: Do Orc after D:15 true
     0 | D:1      | 0 ||| qw: Do second Lair branch before Depths: true
     0 | D:1      | 0 ||| qw: Lair rune preference: random
     0 | D:1      | 0 ||| qw: Plans: Normal, Zot:1-4, Slime:5, God:TSO, Crypt,
                  | Tomb, Abyss, Pan, Hells, Win
     0 | D:1      | 0 ||| PLANNING D:1-11
    61 | D:1      | Reached skill level 2 in Axes
   151 | D:1      | Reached XP level 2. HP: 19/19 MP: 2/2
   521 | D:1      | 521 ||| DROPPING +0 club.
   776 | D:1      | 776 ||| UPGRADING to +2 pair of boots.
   781 | D:1      | 781 ||| UPGRADING to ring of resist corrosion.
   782 | D:1      | 782 ||| READING scroll labelled UREBRA QUWNOJ.
   783 | D:1      | 783 ||| READING scroll labelled USYSCH HATTOYR.
   787 | D:1      | 787 ||| READING scroll labelled UGAPHA TESTIT.
   833 | D:2      | Reached skill level 3 in Axes
   895 | D:2      | Reached XP level 3. HP: 12/23 MP: 3/3
  1082 | D:2      | 1082 ||| Stepping ~*~*~tactically~*~*~ (stealth).
  1193 | D:2      | 1193 ||| Stepping ~*~*~tactically~*~*~ (stealth).
  1200 | D:2      | Reached XP level 4. HP: 28/28 MP: 4/4
  1253 | D:2      | Reached skill level 4 in Axes
  1901 | D:2      | 1901 ||| DROPPING ring of magical power.
  1902 | D:2      | 1902 ||| READING scroll labelled ZIALUKH KEWOBO.
  1903 | D:2      | 1903 ||| READING scroll labelled HUNNIG VIELAK.
  1930 | D:3      | Noticed Natasha
  1931 | D:3      | 1931 ||| PLANNING SEWER
  1932 | D:3      | Killed Natasha
  1948 | D:3      | 1948 ||| Stepping ~*~*~tactically~*~*~ (hiding).
  1949 | D:3      | 1949 ||| Stepping ~*~*~tactically~*~*~ (hiding).
  1966 | D:3      | 1966 ||| Stepping ~*~*~tactically~*~*~ (hiding).
  1968 | D:3      | 1968 ||| Stepping ~*~*~tactically~*~*~ (hiding).
  1981 | D:3      | Reached XP level 5. HP: 15/32 MP: 5/5
  2057 | D:3      | 2057 ||| Stepping ~*~*~tactically~*~*~ (stealth).
  2065 | D:3      | Found an iron altar of Okawaru.
  2093 | D:3      | Reached skill level 5 in Axes
  2119 | D:3      | Found a faded altar of an unknown god.
  2332 | D:3      | 2332 ||| DROPPING +0 mace.
  2346 | D:3      | Found The Oracle's Delphic Readings.
  2361 | D:3      | 2361 ||| BUYING scroll of enchant weapon (75 gold).
  2361 | D:3      | Bought a scroll of enchant weapon for 75 gold pieces
  2361 | D:3      | 2361 ||| READING scroll of enchant weapon.
  2361 | D:3      | 2361 ||| ENCHANTING +0 war axe.
  2389 | D:3      | Found a shimmering blue altar of Sif Muna.
  2412 | D:3      | Noticed Natasha
  2426 | D:3      | Killed Natasha
  2523 | D:3      | 2523 ||| RIP SEWER
  2529 | D:3      | 2529 ||| PLANNING OKAWARU WORSHIP
  2534 | D:3      | 2534 ||| DROPPING orb of energy.
  2535 | D:3      | 2535 ||| UPGRADING to amulet of faith.
  2540 | D:3      | 2540 ||| READING scroll labelled OJIFOO VISID.
  2541 | D:3      | 2541 ||| READING scroll labelled EBBU IDO CEXU.
  2542 | D:3      | 2542 ||| READING scroll labelled KANTUWKAOCI.
  2543 | D:3      | 2543 ||| READING 2 scrolls of identify.
  2543 | D:3      | 2543 ||| IDENTIFYING fuming pink potion
  2544 | D:3      | 2544 ||| DROPPING potion of brilliance.
  2585 | D:3      | Became a worshipper of Warmaster Okawaru
  2585 | D:3      | 2585 ||| PLANNING D:1-11
  2719 | D:4      | 2719 ||| STAIRDANCE
  2723 | D:3      | Reached skill level 1 in Dodging
  2723 | D:3      | Reached XP level 6. HP: 33/38 MP: 6/6
  2746 | D:4      | 2746 ||| STAIRDANCE
  2750 | D:3      | HP: 7/38 [gnoll/+0 flail[a gnoll bouda] (9)]
  2750 | D:3      | Slain by a gnoll

Levels and vault maps discovered:
D:1:      matt_arrival_spirals, layout_basic
D:2:      layout_basic
D:3:      layout_basic, nicolae_sif_muna_little_library,
          mainiacjoe_overflow_paths, hellmonk_ecumenical_altar_crossroads,
          gup_sewer_entry_spiral, nicolae_nh_oracle_at_delphi, uniq_natasha
D:4:      layout_basic, nicolae_uskayaw_en_pointe,
          minmay_temple_entry_offerings, serial_shops, shop,
          nicolae_shop_dealshenge, shop_coins, uniq_blork_the_orc

Skill      XL: |  1  2  3  4  5 |
---------------+----------------+-----
Axes           | 2 3 4 5 |  5.1
Fighting       | 4 |  4.0
Dodging        | 1 |  1.2
Armour         | |  3.2
Shields        | |  3.2

Action                     |  1- 3 |  4- 6 || total
---------------------------+-------+-------++-------
  Melee: War axe           |    45 |   113 ||   158
    Use: Scroll            |     3 |     7 ||    10
 Armour: Scale mail        |    18 |    68 ||    86
  Dodge: Dodged            |    21 |    38 ||    59
  Block: Buckler           |     6 |    17 ||    23

Table legend:
 A = Non-vault XP
 B = Vault XP
 C = Vault XP percentage of total XP
 D = Non-vault monster count
 E = Vault monster count
 F = Vault count percentage of total count
                 A         B        C        D         E       F
            +---------+---------+-------+---------+---------+-------
      Total |     305 |      61 |  16.7 |      48 |       9 |  15.8
            +---------+---------+-------+---------+---------+-------
        D:1 |      17 |       0 |   0.0 |      12 |       0 |   0.0
        D:2 |      89 |       0 |   0.0 |      16 |       0 |   0.0
        D:3 |     186 |      61 |  24.7 |      19 |       9 |  32.1
        D:4 |      13 |       0 |   0.0 |       1 |       0 |   0.0
            +---------+---------+-------+---------+---------+-------
